 Dungeon Crawl Stone Soup version 0.32-a0-814-g0968bab981 (webtiles) character file.

Game seed: 2129238844440735030

2885 BigDaddyOpFi the Trooper (level 9, -5/71 HPs)
             Began as an Octopode Fighter on Mar 22, 2024.
             Was an Initiate of Ashenzari.
             Slain by an orc knight
             ... wielding a +0 trident
              (13 damage)
             ... in a bailey.
             The game lasted 00:10:25 (6734 turns).

BigDaddyOpFi the Trooper (Octopode Fighter)         Turns: 6734, Time: 00:10:25

Health: -5/71      AC:  2    Str: 15    XL:     9   Next: 77%
Magic:  0/9        EV: 12    Int: 11    God:    Ashenzari [......]
Gold:   469        SH: 16    Dex: 15    Spells: 8/8 levels left

rFire   . . .        a - +7 war axe
rCold   . . .        t - +1 tower shield
rNeg    . . .        (helmet restricted)
rPois   .            l - amulet of guardian spirit
rElec   .            p - ring of Panopticon {Slay+4, Melee, Self} (curse)
rCorr   .            (no ring)
SInv    .            (no ring)
Will    .....        (no ring)
Stlth   +++          (no ring)
HPRegen 0.31/turn    (no ring)
MPRegen 0.11/turn    (no ring)
                     (no ring)

%: guardian spirit
@: mighty, hasted (expiring), very quick
A: almost no armour, amphibious, 8 rings, camouflage 2, gelatinous body 1,
(nimble swimmer 1), tentacles, robust 1, shaggy fur 1
a: Renounce Religion, Curse Item, Shatter the Chains


You were in a bailey.
You worshipped Ashenzari.
Ashenzari was noncommittal.
You visited 2 branches of the dungeon, and saw 8 of its levels.
You also visited: Bailey.

You collected 469 gold pieces.

Inventory:

Hand Weapons
 a - a +7 war axe (weapon)
Armour
 t - a +1 tower shield (worn)
Jewellery
 l - an amulet of guardian spirit (around mantle)
 p - the cursed ring of Panopticon (left tentacle) {Slay+4, Melee, Self}
   (You found it on level 2 of the Dungeon)

   [ring of slaying]

   Slay+4:    It affects your accuracy & damage with ranged weapons and melee
   (+4).
   It has a curse which improves the following skills: Melee Combat: Short
   Blades, Long Blades, Axes, Maces & Flails, Polearms, Staves and Unarmed
   Combat.
   Introspection: Fighting and Spellcasting.
 r - an amulet of faith
Wands
 m - a wand of flame (26)
Scrolls
 c - 3 scrolls of identify
 d - a scroll of vulnerability
 e - 2 scrolls of silence
 h - a scroll of noise
 i - a scroll of amnesia
 j - a scroll of fog
 s - 2 scrolls of revelation
Potions
 b - a potion of brilliance
 f - a potion of heal wounds
 g - a potion of enlightenment
 k - a potion of haste
 q - a potion of mutation
 u - a potion of cancellation {unknown}
 v - a potion of resistance {unknown}


   Skills:
 + Level 7.3(7.7) Fighting
 + Level 6.9(7.3) Axes
 + Level 7.2 Dodging
 + Level 7.2 Shields


You had 8 spell levels left.
You didn't know any spells.
Your spell library contained the following spells:

 Spells                   Type           Power      Damage    Failure   Level
 Magic Dart               Conj           0%         1d3       96%         1
 Summon Small Mammal      Summ           0%         N/A       96%         1
 Blink                    Tloc           0%         N/A       99%         2
 Call Imp                 Summ           0%         N/A       99%         2
 Ensorcelled Hibernation  Hex/Ice        0%         N/A       99%         2
 Sublimation of Blood     Necr           0%         N/A       99%         2
 Call Canine Familiar     Summ           0%         N/A       100%        3
 Passwall                 Erth           0%         N/A       100%        3
 Swiftness                Air            0%         N/A       100%        3
 Summon Blazeheart Golem  Fire/Summ      0%         N/A       100%        4
 Summon Hydra             Summ           0%         N/A       100%        7


Dungeon Overview and Level Annotations

Branches:
Dungeon (7/15)             Temple (1/1) D:4          Bailey (1/1)

Altars:
Ashenzari
Cheibriados
Elyvilon
Fedhas
Kikubaaqudgha
Nemelex Xobeh
Okawaru
Ru
Sif Muna
Trog
Uskayaw
Vehumet
Wu Jian
Xom
Yredelemnul
Zin
The Shining One


Innate Abilities, Weirdness & Mutations

You cannot wear most types of armour.
You are amphibious.
You can wear up to eight rings at the same time.
Your skin blends seamlessly with your surroundings (Stealth++).
Your rubbery body absorbs attacks. (AC +1, EV +1)
((You are camouflaged when in or above water. (Stealth+)))
You have tentacles for arms and can constrict up to eight enemies at once.
You are robust. (+10% HP)
You are covered in fur. (AC +1)


Message History

The orc begs for mercy.
You close the huge gate.
An orc opens the huge gate.
The orc knight roars a battlecry!
The orc goes into a battle-frenzy!
There is an open gate here.
The orc no longer looks unusually strong.
You slash the orc!
You kill the orc!
Okay, then.
You feel much better.
It was a potion of magic.
Magic courses through your body.
You slice the orc!!
You kill the orc!
The orc no longer looks unusually strong.
The orc knight roars a battlecry!
The orc goes into a battle-frenzy!
You block the orc knight's attack.
There is an open gate, spattered with blood here.
You see here a +0 halberd.
You slash the orc knight! You grab the orc knight. You squeeze the orc knight!
The orc knight is lightly wounded.
Your extra speed is starting to run out.
You constrict the orc knight.
The orc hits you from afar with a +0 trident!
The orc knight hits you with a +0 trident!
You hit the orc knight.
You squeeze the orc knight, but do no damage.
The orc knight is moderately wounded.
You constrict the orc knight. You block the orc's attack.
You block the orc knight's attack.
The orc knight struggles to escape constriction.
You slash the orc knight!
The orc knight is heavily wounded.
You constrict the orc knight. You block the orc's attack.
An orc warrior comes into view. It is wielding a +0 trident.
The orc knight hits you from afar with a +0 glaive!!
* * * LOW HITPOINT WARNING * * *
The orc knight hits you with a +0 trident!
You die...

#.))....#
##.....##
##'''##
#.....#
#.....#
#....)#
#.....#
#.....#
##''@##
##...o.##
#...oo..#
#..#.#..#
#..o)...#
#.......#
#.......#
##.o...##
#'''''#


You could see 2 orc knights, an orc warrior (wandering) and 2 orcs.

Vanquished Creatures
  An orc knight (Bailey)
  Grinder (D:4)
  Eustachio (D:4)
  Edmund (D:4)
  A water moccasin (D:5)
  An ice beast (D:5)
  3 orc warriors
  An ogre (D:3)
  A black bear (D:4)
  3 phantoms (D:5)
  2 scorpions (D:6)
  4 wights (D:7)
  7 hounds
  A jelly (D:6)
  An orc priest (D:6)
  A sleepcap (D:6)
  3 iguanas
  2 orc wizards
  15 gnolls
  9 adders
  A white imp (D:4)
  4 ribbon worms
  3 dart slugs
  39 orcs
  8 endoplasms
  11 giant cockroaches
  9 goblins
  6 hobgoblins
  4 jackals
  8 kobolds
  3 quokkas
  11 ball pythons
  5 bats
  3 frilled lizards
  2 rats (D:1)
176 creatures vanquished.

Notes
Turn   | Place    | Note
-------+----------+-------------------------------------------
     0 | D:1      | BigDaddyOpFi the Octopode Fighter began the quest for the
                  | Orb.
     0 | D:1      | Reached XP level 1. HP: 16/16 MP: 1/1
   159 | D:1      | Reached XP level 2. HP: 21/21 MP: 2/2
   235 | D:1      | Found a faded altar of an unknown god.
   847 | D:2      | Reached XP level 3. HP: 24/26 MP: 3/3
   979 | D:2      | Reached XP level 4. HP: 27/31 MP: 4/4
  1537 | D:2      | Reached XP level 5. HP: 37/37 MP: 5/5
  1541 | D:2      | Found a sacrificial altar of Ru.
  1761 | D:3      | Found a blossoming altar of Fedhas.
  2176 | D:3      | Noticed an ogre
  2187 | D:3      | Killed an ogre
  2474 | D:3      | Found an iron altar of Okawaru.
  2690 | D:4      | Reached XP level 6. HP: 43/43 MP: 6/6
  2806 | D:4      | Noticed a black bear
  2817 | D:4      | Killed a black bear
  2969 | D:4      | Noticed Eustachio
  2982 | D:4      | Gained mutation: Your skin blends seamlessly with your
                  | surroundings (Stealth++). [potion of mutation]
  2982 | D:4      | Gained mutation: You are covered in fur. (AC +1) [potion of
                  | mutation]
  2982 | D:4      | Gained mutation: You are robust. (+10% HP) [potion of
                  | mutation]
  2985 | D:4      | Killed Eustachio
  2986 | D:4      | Reached XP level 7. HP: 25/53 MP: 1/7
  3118 | D:4      | Found a staircase to the Ecumenical Temple.
  3189 | Temple   | Entered the Ecumenical Temple
  3391 | Temple   | Became a worshipper of Ashenzari the Shackled
  3608 | D:4      | Found a sparkling altar of Nemelex Xobeh.
  3669 | D:4      | Noticed Edmund
  3678 | D:4      | Killed Edmund
  3679 | D:4      | Reached skill level 5 in Fighting
  3679 | D:4      | Reached skill level 5 in Dodging
  3679 | D:4      | Reached skill level 5 in Shields
  3752 | D:4      | Noticed Grinder
  3759 | D:4      | Paralysed by Grinder for 5 turns
  3783 | D:4      | Paralysed by Grinder for 2 turns
  4395 | D:4      | Killed Grinder
  4396 | D:4      | Reached XP level 8. HP: 39/60 MP: 5/8
  4515 | D:4      | Found a glowing silver altar of Zin.
  4614 | D:5      | Entered Level 5 of the Dungeon
  4623 | D:5      | Reached skill level 5 in Axes
  5509 | D:6      | Reached XP level 9. HP: 67/69 MP: 9/9
  5811 | D:6      | Found an ornate altar of the Wu Jian Council.
  6227 | D:7      | Found a flagged portal.
  6238 | Bailey   | Entered a bailey
  6692 | Bailey   | Noticed an orc knight
  6706 | Bailey   | Killed an orc knight
  6709 | Bailey   | Noticed an orc knight
  6709 | Bailey   | Noticed an orc knight
  6734 | Bailey   | Slain by an orc knight

Illustrated notes

Levels and vault maps discovered:
D:1:      dpeg_arrival_court, layout_basic, basic_ecumenical_altar
D:2:      minmay_roachtagon, layout_basic, basic_altar, nicolae_half_adder
D:3:      layout_basic, amcnicky_altar_gilded, fedhas_altar_3, serial_bayou,
          serial_bayou_shore_a, serial_bayou_lagoon_a, serial_bayou_shore_b,
          serial_bayou_pond_e, serial_bayou_pond_e, minmay_increasing_density
D:4:      minmay_spotlight, layout_loops_corners, zin_treasury,
          mainiacjoe_overflow_24_doors, minmay_temple_entry_overgrown,
          st_stairs_11, uniq_grinder, uniq_eustachio, uniq_edmund
D:5:      layout_cave_pools
D:6:      layout_basic, kennysheep_little_box
D:7:      layout_layer_cave, nicolae_overflow_hallway_of_the_gods,
          enter_bailey_4
Temple:   nicolae_temple_ecumenical_triangle
Bailey:   bailey_polearm_5, bailey

Skill      XL: |  1  2  3  4  5  6  7  8  9 |
---------------+----------------------------+-----
Axes           | 3 4 5 6 |  6.9
Fighting       | 4 5 6 7 |  7.3
Dodging        | 4 5 6 7 |  7.2
Shields        | 4 5 6 7 |  7.2

Action                     |  1- 3 |  4- 6 |  7- 9 || total
---------------------------+-------+-------+-------++-------
  Melee: War axe           |    46 |    95 |   152 ||   293
         Constrict         |    11 |    25 |    43 ||    79
         Tentacles         |     1 |    31 |    39 ||    71
 Invoke: Curse Item        |       |       |     1 ||     1
    Use: Potion            |       |     7 |    11 ||    18
         Scroll            |       |       |    20 ||    20
   Stab: Sleeping          |     4 |    12 |    13 ||    29
         Distracted        |       |       |     1 ||     1
 Armour: Skin              |    15 |    52 |   123 ||   190
  Dodge: Dodged            |    22 |    50 |    65 ||   137
  Block: Buckler           |     6 |    15 |       ||    21
         Tower shield      |       |    22 |   170 ||   192

Table legend: (Time is in decaauts)
 A = Elapsed time spent in this place.
 B = Non-inter-level travel time spent in this place.
 C = Inter-level travel time spent in this place.
 D = Time resting spent in this place.
 E = Time spent auto-exploring this place.
 F = Levels seen in this place.
 G = Mean time per level.
                   A        B        C        D        E       F      G
               +--------+--------+--------+--------+--------+-----+--------+
         Total |   6850 |   6632 |    218 |    805 |   4358 |   9 |  761.1 |
       Dungeon |   6135 |   5917 |    218 |    442 |   4274 |   7 |  876.4 |
        Temple |    219 |    219 |      0 |      0 |     80 |   1 |  219.0 |
        Bailey |    495 |    495 |      0 |    363 |      4 |   1 |  495.0 |
               +--------+--------+--------+--------+--------+-----+--------+

Top non-repeatable levels by time:
     D:4: 1737 daAuts
     D:3: 969 daAuts
     D:2: 965 daAuts
     D:5: 919 daAuts
     D:1: 788 daAuts
     D:6: 583 daAuts
  Bailey: 495 daAuts
  Temple: 219 daAuts
     D:7: 172 daAuts
